 Dungeon Crawl Stone Soup version 0.22-a0-423-g4197694 (webtiles) character file.

63 Jynxie the Sneak (level 3, -1/26 HPs)
             Began as a Vampire Enchanter on May 23, 2018.
             Slain by a hobgoblin
             ... wielding a +0 club
              (4 damage)
             ... on level 2 of the Dungeon.
             The game lasted 00:09:24 (1756 turns).

Jynxie the Sneak (Vampire Enchanter)                Turns: 1756, Time: 00:09:25

Health: -1/26      AC:  3    Str:  7    XL:     3   Next: 89%
Magic:  6/6        EV: 12    Int: 17    God:
Gold:   86         SH:  0    Dex: 15    Spells: 5/6 levels left

rFire    . . .     SeeInvis +   a - +1 dagger
rCold    + . .     Gourm    .   (no shield)
rNeg     + + .     Faith    .   e - +0 leather armour
rPois    +         Spirit   .   (no helmet)
rElec    .         Reflect  .   (no cloak)
rCorr    .         Harm     .   (no gloves)
MR       .....                  (no boots)
Stlth    ++++......             (no amulet)
HPRegen  0.04/turn              (no ring)
MPRegen  0.10/turn              (no ring)

@: regenerating slowly
A: fangs 3, see invisible, unbreathing
a: Bat Form


You were on level 2 of the Dungeon.
You were very thirsty.

You visited 1 branch of the dungeon, and saw 2 of its levels.

You collected 86 gold pieces.

Inventory:

Hand Weapons
 a - a +1 dagger (weapon)
Armour
 e - a +0 leather armour (worn)
   (You found it on level 1 of the Dungeon)
Scrolls
 c - a scroll of enchant armour {unknown}
 d - a scroll of fog {unknown}
 f - a scroll of amnesia {unknown}
 g - a scroll of remove curse {unknown}
Potions
 b - a potion of lignification {unknown}
 q - 12 potions of blood {@q0}


   Skills:
 + Level 1.3 Fighting
 * Level 3.1 Short Blades
 - Level 2.1 Dodging
 + Level 5.2 Stealth
 - Level 2.0 Spellcasting
 - Level 4.4 Hexes


You had 5 spell levels left.
You knew the following spells:

 Your Spells              Type           Power        Failure   Level  Hunger
a - Corona                Hex            ###....      4%          1    #......

Your spell library contained the following spells:

 Spells                   Type           Power        Failure   Level  Hunger
 Confuse                  Hex            ###.....     14%         3    ###....
 Tukima's Dance           Hex            ###.....     14%         3    ###....
 Ensorcelled Hibernation  Hex/Ice        #.....       19%         2    ###....
 Dazzling Spray           Conj/Hex       #.....       34%         3    ###....


Dungeon Overview and Level Annotations

Branches:
Dungeon (2/15)

Altars:


Innate Abilities, Weirdness & Mutations

You heal slowly.
You have razor-sharp teeth.
You have supernaturally acute eyesight. (SInv)
You can survive without breathing.


Message History

f - a scroll labeled CYCWEI WEASEU
Found 15 stones.
Found a scroll labeled HOEVVE OTYNTOI.
g - a scroll labeled HOEVVE OTYNTOI You feel almost devoid of blood!
A rat comes into view.
The helpless rat fails to defend itself.
You bite the rat, and draw its blood!
You are feeling very thirsty.
You impale the rat!!
You kill the rat!
A kobold comes into view. It is wielding a short sword of venom.
Found a dagger.
A quokka and a hobgoblin come into view.
Found 2 steel javelins.
Found a stone staircase leading up.
The helpless kobold fails to defend itself.
You bite the kobold, and draw its blood!
You feel slightly less thirsty.
You impale the kobold!!
You kill the kobold!
The hobgoblin shouts!
You closely miss the hobgoblin. The hobgoblin hits you with a club.
You barely miss the hobgoblin. You closely miss the hobgoblin.
The hobgoblin closely misses you.
You closely miss the hobgoblin. The hobgoblin hits you with a club.
You hit the hobgoblin. The hobgoblin barely misses you.
You hit the hobgoblin. The quokka closely misses you.
You hit the hobgoblin but do no damage. The hobgoblin hits you with a club.
The quokka bites you.
You hit the hobgoblin but do no damage. The quokka bites you.
The hobgoblin hits you but does no damage.
You barely miss the hobgoblin. You bite the hobgoblin.
You draw the hobgoblin's blood!
You feel better.
You feel slightly less thirsty. The quokka bites you.
The hobgoblin hits you with a club.
* * * LOW HITPOINT WARNING * * *
The quokka misses you.
You closely miss the quokka. The quokka misses you.
You miss the quokka. The quokka barely misses you.
You hit the quokka. The quokka bites you.
* * * LOW HITPOINT WARNING * * *
You hit the quokka. The quokka barely misses you.
You hit the quokka.
You kill the quokka!
You hit the hobgoblin. The hobgoblin hits you with a club.
* * * LOW HITPOINT WARNING * * *
You aren't carrying any items that you can evoke.
That item cannot be evoked!
You barely miss the hobgoblin. You hit the hobgoblin but do no damage.
The hobgoblin hits you with a club.
You die...

#.# #.##.# ##.## ## #.##.#
# #... . #.##.# #.## #..#
.# #.##.# ...
#..##.#########.##.#
#.##)###)...<.............#
#.(........#### ######.####
#........#.#..# #.#
#....#####.g@.########.#
..... #.#...........# ####
#.#.########### #####


You could see a hobgoblin.

Vanquished Creatures
  2 adders (D:2)
  A worm (D:2)
  3 dart slugs (D:1)
  A leopard gecko (D:1)
  2 ball pythons (D:1)
  2 giant cockroaches (D:1)
  7 goblins
  A hobgoblin (D:1)
  5 kobolds
  A quokka (D:2)
  4 bats
  5 rats
34 creatures vanquished.

Vanquished Creatures (others)
  A hobgoblin (D:2)
  A kobold (D:2)
  A rat (D:2)
3 creatures vanquished.

Grand Total: 37 creatures vanquished

Notes
Turn   | Place    | Note
-------+----------+-------------------------------------------
     0 | D:1      | Jynxie the Vampire Enchanter began the quest for the Orb.
     0 | D:1      | Reached XP level 1. HP: 13/13 MP: 3/3
   291 | D:1      | Reached XP level 2. HP: 7/20 MP: 5/5
  1039 | D:1      | Reached skill level 1 in Fighting
  1256 | D:1      | Reached XP level 3. HP: 25/26 MP: 6/6
  1419 | D:2      | Reached skill level 5 in Stealth
  1756 | D:2      | Slain by a hobgoblin

Vault maps used:
D:1:      eino_arrival_tree_alley
D:2:      fiery_altar_vehumet, kennysheep_slug_shrine

Skill      XL: |  1  2  3 |
---------------+----------+-----
Short Blades   | 2 3 |  3.1
Fighting       | 1 |  1.3
Stealth        | 5 |  5.2
Dodging        | |  2.1
Spellcasting   | |  2.0
Hexes          | |  4.4

Action                   || total
-------------------------++-------
Melee: Dagger            ||   128
       Bite              ||     8
 Stab: Sleeping          ||    13
Armor: Robe              ||     9
       Leather armour    ||    19
Dodge: Dodged            ||    67

Table legend:
 A = Spawn XP
 B = Non-spawn XP
 C = Spawn XP percentage of total XP
 D = Spawn monster count
 E = Non-spawn monster count
 F = Spawn count percentage of total count
 G = Total turns spent on level
                    A         B        C        D         E        F      G
               +---------+---------+-------+---------+---------+-------+---------
         Total |       0 |      91 |   0.0 |       0 |      34 |   0.0 |  1756
               +---------+---------+-------+---------+---------+-------+---------
           D:1 |       0 |      42 |   0.0 |       0 |      21 |   0.0 |  1414
           D:2 |       0 |      49 |   0.0 |       0 |      13 |   0.0 |   342
               +---------+---------+-------+---------+---------+-------+---------
